 Dungeon Crawl Stone Soup version 0.16.2-12-gd0ad4c3 (webtiles) character file.

147511 faibistes the Eclecticist (level 16, -6/97 HPs)
             Began as a Deep Elf Wizard on Dec 6, 2018.
             Was a High Priest of Sif Muna.
             Mangled by a six-headed hydra (9 damage)
             ... on level 3 of the Swamp.
             The game lasted 02:51:51 (52943 turns).

faibistes the Eclecticist (Deep Elf Wizard)        Turns: 52943, Time: 02:51:52

Health: -6/97      AC: 11    Str:  4    XL:     16   Next: 92%
Magic:  41/56      EV: 13    Int: 31    God:    Sif Muna [*****.]
Gold:   261        SH:  0    Dex: 13    Spells: 11 memorised, 0 levels left

rFire  + + .     SeeInvis .     w - staff of power
rCold  + . .     Clarity  .     H - +2 robe {rC+ rF+}
rNeg   + . .     SustAb   .     (no shield)
rPois  .         Gourm    .     D - +2 hat
rElec  .         Spirit   .     K - +0 cloak {+Inv}
rCorr  .         Warding  .     x - +1 pair of gloves
rMut   .         Stasis   .     O - +1 pair of boots
MR     +....                    (no amulet)
Stlth  ++........               F - ring of Musmous {rF+ rN+}
                                I - +2 ring of evasion

@: lethally poisoned (-6 -> -20), grasped by roots, deflect missiles, very slow,
somewhat resistant to hostile enchantments, unstealthy
A: no striking features
a: Channel Energy, Forget Spell, Renounce Religion, Evoke Invisibility


You were on level 3 of the Swamp.
You worshipped Sif Muna.
Sif Muna was extremely pleased with you.
You were hungry.

You visited 7 branches of the dungeon, and saw 31 of its levels.

You collected 3051 gold pieces.
You spent 2790 gold pieces at shops.

Inventory:

Hand weapons
 J - a +3 dagger of venom
Armour
 x - a +1 pair of gloves (worn)
 D - a +2 hat (worn)
 H - a +2 robe of resistance (worn)
 K - a +0 cloak of invisibility (worn)
 O - a +1 pair of boots (worn)
 P - the +2 pair of boots of the Shoals {rElec MP-9 Int+4}
   (You found it on level 3 of the Orcish Mines)

   It affects your intelligence (+4).
   It insulates you from electricity.
   It affects your magic capacity (-9).
Magical staves
 s - an uncursed staff of earth
 w - an uncursed staff of power (weapon)
Jewellery
 F - the ring of Musmous (right hand) {rF+ rN+}
   (You found it on level 2 of the Lair of Beasts)

   [ring of positive energy]

   It protects you from fire.
   It protects you from negative energy.
 I - a +2 ring of evasion (left hand)
 L - the ring "Schahop" {-Tele rElec rPois rC+ Str+2 Stlth+}
   (You found it on level 2 of the Spider Nest)

   [ring of stealth]

   It affects your strength (+2).
   It protects you from cold.
   It insulates you from electricity.
   It protects you from poison.
   It prevents most forms of teleportation.
   It makes you more stealthy.
 M - a +4 ring of protection
 R - an uncursed ring of invisibility
Magical devices
 c - a wand of lightning (3)
 g - a wand of draining (1)
 j - a wand of draining (0)
 k - a wand of draining (6)
 m - a wand of digging (4)
 n - a wand of teleportation (7)
 q - a wand of heal wounds (3)
 B - a wand of paralysis (12)
 G - a wand of lightning (5)
 U - a wand of disintegration (5)
Scrolls
 a - 5 scrolls of identify
 b - 4 scrolls of recharging
 r - 6 scrolls of teleportation
 y - 2 scrolls of fog
 A - 3 scrolls of fear
 E - 7 scrolls of remove curse
Potions
 e - 2 potions of heal wounds
 f - a potion of brilliance
 h - a potion of might
 i - 8 potions of restore abilities
 l - a potion of ambrosia
 o - a potion of magic
 p - 5 potions of curing
 t - 3 potions of flight
 u - a potion of invisibility
 z - 3 potions of haste
 N - a potion of lignification
 Q - a potion of agility
 T - a potion of cure mutation
Miscellaneous
 V - a phial of floods
Comestibles
 d - 14 bread rations
 v - 8 meat rations
 S - a royal jelly


   Skills:
 + Level 9.8 Fighting
 - Level 10.0 Dodging
 - Level 2.4 Stealth
 * Level 17.8 Spellcasting
 * Level 11.2 Conjurations
 * Level 11.4 Charms
   Level 1.1 Summonings
 - Level 7.0 Translocations
   Level 3.2 Transmutations
 * Level 11.5 Fire Magic
 - Level 4.2 Air Magic
 * Level 11.1 Earth Magic
 - Level 2.1 Poison Magic
 - Level 10.1 Invocations
 - Level 9.0 Evocations


You couldn't memorise any spells.
You knew the following spells:

 Your Spells              Type           Power        Failure   Level  Hunger
a - Airstrike             Air            ######....   2%          4    None
b - Conjure Flame         Conj/Fire      #######.     1%          3    None
c - Iskenderun's Battles  Conj/Chrm      #######.     1%          5    None
d - Blink                 Tloc           N/A          1%          2    None
e - Mephitic Cloud        Conj/Pois/Air  ######..     1%          3    None
f - Deflect Missiles      Chrm/Air       ######....   12%         6    None
g - Iron Shot             Conj/Erth      #######...   2%          6    None
h - Haste                 Chrm           #######.     2%          6    None
v - Bolt of Fire          Conj/Fire      #######...   2%          6    None
x - Force Lance           Conj/Tloc      ######..     1%          4    None
z - Fireball              Conj/Fire      #######...   1%          5    None


Dungeon Overview and Level Annotations

Branches:
Dungeon (10/15)            Temple (1/1) D:5            Lair (8/8) D:9
  Swamp (3/5) Lair:6       Spider (3/5) Lair:6        Slime (0/6) Lair:7
    Orc (4/4) D:9             Elf (2/3) Orc:4

Altars:
Ashenzari
Cheibriados
Dithmenos
Elyvilon
Fedhas
Gozag
Kikubaaqudgha
Makhleb
Nemelex Xobeh
Okawaru
Qazlal
Ru
Sif Muna
Trog
Vehumet
Xom
Yredelemnul
Zin
The Shining One
Beogh
Jiyva

Shops:
D:6 *   Orc:3 (   Orc:4 ?}%*?   Elf:1 *


Message History

2 hydras come into view.
You are feeling hungry.
You feel sick. The vampire mosquito bites you.
The vampire mosquito barely misses you.
The spiny frog stings you but does no damage.
The vampire mosquito bites you.
* * * LOW HITPOINT WARNING * * *
The seven-headed hydra is engulfed in a cloud of scalding steam.
The spriggan rider completely misses you.
The six-headed hydra bites you!
* * * LOW HITPOINT WARNING * * *
The six-headed hydra bites you!
* * * LOW HITPOINT WARNING * * *
The six-headed hydra bites you.
* * * LOW HITPOINT WARNING * * *
The six-headed hydra bites you but does no damage.
The six-headed hydra bites you.
* * * LOW HITPOINT WARNING * * *
The six-headed hydra bites you!
You die...

≈§. ≈≈≈§.≈.♣ ≈
≈≈.♣.? ≈≈≈ ...♣.≈
♣ ..≈.♣ ≈..≈ .≈
≈≈≈.≈≈≈§.# .##
≈♣≈≈≈≈♣≈≈#D§D#≈
≈≈≈≈≈≈iF≈DDD≈?≈P.
≈.n.f.Dy@D#
♣♣♣♣≈≈.y.≈#
♣≈......≈
....≈.≈.♣♣♣♣
♣..≈≈(≈..
≈.≈≈.♣≈. ≈≈≈≈♣≈§
≈.≈♣≈.♣ ♣≈≈ ≈≈.
.≈


You could see a shambling mangrove, 2 seven-headed hydras, a six-headed hydra, 2
five-headed hydras, 2 swamp dragons, a spriggan rider, a bog body, a spiny frog
and 2 vampire mosquitoes.

Vanquished Creatures
  Rupert (Lair:4)
  Maud (Lair:4)
  2 deep elf sorcerers
  A ghost moth (Spider:3)
  Gastronok (Lair:2)
  2 orc warlords (Orc:3)
  Josephine (Orc:4)
  A deep elf high priest (Elf:1)
  The ghost of faibistes the Thaumaturge, a powerful DEWz of Sif Muna (Lair:5)
  2 catoblepae
  18 hydras
  2 ogre magi (Orc:4)
  Erica (Orc:3)
  A ghost crab (Swamp:2)
  9 death yaks
  17 dancing weapons (Elf:2)
  4 alligators
  2 orc high priests (Orc:4)
  Nergalle (Lair:1)
  13 deep elf knights
  6 deep elf summoners
  2 deep trolls (Orc:4)
  4 hill giants
  2 orc knights (Orc:3)
  Pikel (D:5)
  A swamp dragon (Swamp:1)
  A lindwurm (Lair:8)
  11 deep elf conjurers
  4 orb spiders
  A griffon (Lair:8)
  A hornet (Swamp:1)
  2 orc sorcerers
  4 wolf spiders
  6 elephants
  4 black mambas
  2 cyclopes (Orc:4)
  3 orc zombies (Orc:3)
  A queen ant (Lair:1)
  A torpor snail (Lair:4)
  14 spiny frogs
  12 komodo dragons
  4 demonic crawlers
  The ghost of faibistes the Magician, an experienced DEWz (D:6)
  10 deep elf priests
  9 trolls
  6 fire drakes
  Sonja (Spider:1)
  6 two-headed ogres (Orc:4)
  A polar bear (Lair:2)
  3 giant leeches
  6 baby alligators (Swamp:2)
  13 jumping spiders
  18 blink frogs
  7 trapdoor spiders
  A boulder beetle (Swamp:2)
  2 bog bodies
  5 basilisks
  A basilisk (shapeshifter) (Elf:2)
  20 redbacks
  39 yaks
  A human (D:7)
  2 wyverns
  4 spriggans
  3 wraiths
  Eustachio (D:4)
  9 hippogriffs
  24 deep elf magi
  14 wolves
  4 tarantellas
  A steam dragon (Lair:6)
  5 vampire mosquitoes
  24 deep elf fighters
  5 soldier ants (Lair:1)
  A soldier ant (shapeshifter) (Elf:1)
  4 wargs
  Edmund (D:4)
  6 insubstantial wisps (Swamp:1)
  13 porcupines
  35 orc warriors
  6 swamp worms
  2 swamp drakes
  14 water moccasins
  4 wasps
  3 sky beasts
  2 ice beasts
  2 black bears
  An eye of draining (Lair:1)
  27 ogres
  A phantom (D:6)
  14 spiders
  A boring beetle (Lair:8)
  12 crocodiles
  Sigmund (D:3)
  2 big kobolds (D:7)
  6 centaurs
  15 giant frogs
  Blork the orc (D:5)
  8 scorpions
  4 wights (D:8)
  5 electric eels
  8 killer bees (D:7)
  A goliath beetle (D:8)
  2 crimson imps
  A centaur skeleton (D:8)
  A giant frog zombie (D:5)
  A centaur zombie (D:8)
  12 hounds
  10 jellies
  25 orc priests
  44 orc wizards
  12 iguanas
  Natasha (thrice) (D:4)
  A hell rat (Elf:1)
  10 worker ants
  6 sheep
  2 ogre zombies (Orc:3)
  18 adders
  57 river rats
  A shadow imp (D:5)
  2 giant mites (D:4)
  3 worms
  An adder zombie (D:6)
  An adder skeleton (D:9)
  5 giant geckos
  225 orcs
  2 ball pythons
  A bat skeleton (D:4)
  A bat zombie (D:8)
  6 giant cockroaches
  23 goblins
  20 hobgoblins
  18 quokkas
  A ball python zombie (D:5)
  13 bats
  4 giant newts
  10 jackals
  18 kobolds
  14 rats
  A spectral orc (Lair:1)
  A plant (Lair:1)
1190 creatures vanquished.

Vanquished Creatures (collateral kills)
  A killer bee (D:7)
  3 worker ants (Lair:1)
  Terence (D:3)
  A giant cockroach (D:3)
  3 jackals (D:6)
  A rat (D:1)
10 creatures vanquished.

Vanquished Creatures (others)
  Nikola (Spider:1)
  2 slaves
  A wight (D:8)
  A worker ant (D:7)
  A white imp (D:6)
  A bat (D:6)
  30 fungi
  12 plants
49 creatures vanquished.

Grand Total: 1249 creatures vanquished

Notes
Turn   | Place    | Note
--------------------------------------------------------------
     0 | D:1      | faibistes, the Deep Elf Wizard, began the quest for the Orb.
     0 | D:1      | Reached XP level 1. HP: 10/10 MP: 6/6
   208 | D:1      | Reached XP level 2. HP: 15/15 MP: 4/10
   221 | D:1      | Learned a level 2 spell: Blink
   224 | D:1      | Learned a level 2 spell: Call Imp
   506 | D:1      | Reached skill level 5 in Spellcasting
   865 | D:2      | Reached XP level 3. HP: 19/19 MP: 11/14
   876 | D:1      | Learned a level 3 spell: Conjure Flame
   880 | D:1      | Learned a level 3 spell: Mephitic Cloud
   942 | D:2      | Found a blossoming altar of Fedhas.
  1487 | D:2      | Found a basalt altar of Yredelemnul.
  1576 | D:2      | Found a shimmering altar of Xom.
  1684 | D:2      | Found a shattered altar of Ashenzari.
  1780 | D:2      | Learned a level 2 spell: Repel Missiles
  1809 | D:3      | Noticed Sigmund
  2104 | D:3      | Noticed an ogre
  2106 | D:3      | Killed Sigmund
  2106 | D:3      | Reached skill level 6 in Spellcasting
  2106 | D:3      | Reached XP level 4. HP: 20/24 MP: 3/18
  2249 | D:2      | Killed an ogre
  2249 | D:2      | Reached XP level 5. HP: 17/28 MP: 1/21
  2478 | D:2      | Found a glowing golden altar of the Shining One.
  2643 | D:2      | Found a bloodstained altar of Trog.
  2710 | D:3      | Noticed Terence
  2730 | D:3      | Killed Terence
  3672 | D:4      | Noticed Eustachio
  3680 | D:4      | Noticed Edmund
  3796 | D:4      | Killed Edmund
  3796 | D:4      | Reached skill level 7 in Spellcasting
  3796 | D:4      | Reached XP level 6. HP: 32/32 MP: 14/23
  4103 | D:5      | Entered Level 5 of the Dungeon
  4108 | D:4      | Noticed Natasha
  4112 | D:4      | Killed Natasha
  4265 | D:4      | Noticed Natasha
  4273 | D:4      | Killed Natasha
  4345 | D:4      | Found a white marble altar of Elyvilon.
  4434 | D:4      | Noticed Natasha
  4441 | D:4      | Killed Natasha
  4689 | D:4      | Reached skill level 1 in Evocations
  4748 | D:4      | Killed Eustachio
  4748 | D:4      | Reached skill level 1 in Fighting
  4748 | D:4      | Reached XP level 7. HP: 36/38 MP: 17/25
  5133 | D:5      | Found an iron altar of Okawaru.
  5143 | D:5      | Found a staircase to the Ecumenical Temple.
  5151 | Temple   | Entered the Ecumenical Temple
  5345 | D:5      | Reached skill level 8 in Spellcasting
  5646 | D:5      | Reached skill level 5 in Dodging
  5811 | D:6      | Noticed Pikel
  5820 | D:5      | Killed Pikel
  5820 | D:5      | Reached skill level 9 in Spellcasting
  5820 | D:5      | Reached XP level 8. HP: 41/46 MP: 16/28
  5907 | D:5      | Noticed Blork the orc
  5925 | D:5      | Killed Blork the orc
  6777 | D:6      | Found a stormy altar of Qazlal.
  6798 | D:6      | Learned a level 4 spell: Iskenderun's Mystic Blast
  6815 | D:6      | Noticed faibistes' ghost (experienced DEWz)
  6827 | D:6      | Killed faibistes' ghost
  6827 | D:6      | Reached skill level 10 in Spellcasting
  6908 | D:6      | Reached XP level 9. HP: 52/52 MP: 23/30
  7220 | D:6      | Found a radiant altar of Vehumet.
  7573 | D:6      | Reached skill level 5 in Fighting
  7625 | D:6      | Found a white marble altar of Elyvilon.
  7627 | D:6      | Found Mussuffu's Hallowed Reliquary.
  7629 | D:6      | Noticed an angel
  7704 | D:7      | Found a white marble altar of Elyvilon.
  7822 | D:7      | Reached skill level 5 in Evocations
  7917 | D:7      | Found a snail-covered altar of Cheibriados.
  8091 | D:8      | Reached skill level 11 in Spellcasting
  8896 | D:10     | Entered Level 10 of the Dungeon
  8896 | D:10     | Noticed a hill giant
  8903 | D:10     | Killed a hill giant
  8903 | D:10     | Reached XP level 10. HP: 56/61 MP: 26/32
  9129 | D:8      | Reached skill level 12 in Spellcasting
  9334 | D:8      | Found a sacrificial altar of Ru.
  9718 | D:8      | Found a sacrificial altar of Ru.
 11817 | D:10     | Noticed a hill giant
 11823 | D:10     | Killed a hill giant
 12444 | D:9      | Found a staircase to the Lair.
 12446 | D:9      | Noticed a komodo dragon
 12653 | D:9      | Reached skill level 13 in Spellcasting
 13030 | D:9      | Found a staircase to the Orcish Mines.
 13112 | D:9      | Found a deep blue altar of Sif Muna.
 13115 | D:9      | Became a worshipper of Sif Muna the Loreminder
 13122 | D:9      | Learned a level 5 spell: Bolt of Magma
 13229 | Lair:1   | Entered Level 1 of the Lair of Beasts
 13425 | Lair:2   | Reached XP level 11. HP: 68/68 MP: 27/34
 13494 | Lair:2   | Found an iron altar of Okawaru.
 13504 | Lair:2   | Reached skill level 1 in Air Magic
 13631 | Lair:1   | Reached skill level 1 in Poison Magic
 13919 | Lair:1   | Reached skill level 1 in Earth Magic
 13928 | Lair:1   | Reached skill level 1 in Fire Magic
 14278 | Lair:2   | Acquired Sif Muna's first power
 15073 | Lair:1   | Acquired Sif Muna's second power
 15083 | Lair:1   | Reached skill level 1 in Invocations
 15476 | Lair:1   | Reached skill level 5 in Conjurations
 15477 | Lair:1   | Reached skill level 1 in Charms
 16206 | Lair:1   | Noticed Nergalle
 16231 | Lair:1   | Killed Nergalle
 16231 | Lair:1   | Reached skill level 14 in Spellcasting
 16231 | Lair:1   | Reached XP level 12. HP: 69/73 MP: 4/36
 17462 | Lair:2   | Noticed Gastronok
 17475 | Lair:2   | Killed Gastronok
 17587 | Lair:2   | Got a fine marble ring
 17589 | Lair:2   | Identified the ring of Musmous {rF+ rN+} (You found it on level 2 of the Lair of Beasts)
 17770 | Lair:2   | Noticed a seven-headed hydra
 17778 | Lair:2   | Killed a seven-headed hydra
 17948 | Lair:3   | Noticed a six-headed hydra
 17963 | Lair:3   | Killed a six-headed hydra
 18419 | Lair:3   | Noticed a five-headed hydra
 18427 | Lair:3   | Killed a five-headed hydra
 18440 | Lair:3   | HP: 1/73 [spiny frog (19)]
 19008 | D:6      | Bought a potion of curing for 36 gold pieces
 19008 | D:6      | Bought a potion of heal wounds for 60 gold pieces
 19940 | Lair:4   | Noticed Maud
 19950 | Lair:4   | Killed Maud
 19950 | Lair:4   | Acquired Sif Muna's third power
 20779 | Lair:3   | Reached skill level 5 in Fire Magic
 21236 | Lair:4   | Learned a level 4 spell: Airstrike
 21247 | Lair:5   | Reached skill level 5 in Earth Magic
 21248 | Lair:5   | Reached skill level 5 in Invocations
 21410 | Lair:4   | Noticed Rupert
 21417 | Lair:4   | Killed Rupert
 21820 | Lair:4   | Noticed a six-headed hydra
 21832 | Lair:4   | Killed a six-headed hydra
 21832 | Lair:4   | Reached skill level 10 in Dodging
 22063 | Lair:4   | Reached XP level 13. HP: 79/79 MP: 13/37
 22993 | Lair:5   | Noticed a six-headed hydra
 23016 | Lair:5   | Killed a six-headed hydra
 23181 | Lair:6   | Found a hole to the Spider Nest.
 23341 | Lair:5   | Reached skill level 5 in Translocations
 23344 | Lair:5   | Reached skill level 15 in Spellcasting
 23352 | Lair:5   | Noticed faibistes' ghost (powerful DEWz)
 23365 | Lair:5   | Killed faibistes' ghost
 23734 | Lair:6   | Reached skill level 5 in Charms
 24796 | D:6      | Bought a wand of heal wounds (3) for 504 gold pieces
 25072 | Lair:5   | Identified a scroll of acquirement
 25073 | Lair:5   | Identified Iskenderun's Almanac of Floating Combat Magic (You acquired it on level 5 of the Lair of Beasts)
 26556 | Lair:6   | Received a gift from Sif Muna
 26557 | Lair:6   | Identified Sif Muna's Catalogue of Feathers and Blows and Bruises (Sif Muna gifted it to you on level 6 of the Lair of Beasts)
 26617 | Lair:6   | Learned a level 6 spell: Deflect Missiles
 27252 | Lair:6   | Found a staircase to the Swamp.
 28000 | Lair:7   | Found a viscous altar of Jiyva.
 28001 | Lair:7   | Found a staircase to the Slime Pits.
 28278 | Lair:7   | Identified the Grimoire of Scorching Conjuration (You acquired it on level 7 of the Lair of Beasts)
 28284 | Lair:7   | Learned a level 4 spell: Force Lance
 28291 | Lair:7   | Learned a level 6 spell: Bolt of Fire
 28497 | Lair:7   | Reached XP level 14. HP: 61/84 MP: 14/38
 28702 | Lair:8   | Entered Level 8 of the Lair of Beasts
 28993 | Lair:7   | Learned a level 5 spell: Iskenderun's Battlesphere
 32327 | Lair:8   | Reached skill level 16 in Spellcasting
 32906 | D:9      | Killed a komodo dragon
 33038 | Orc:1    | Entered Level 1 of the Orcish Mines
 33230 | Orc:3    | Found Ruiryurru's Antique Weapon Boutique.
 33401 | Orc:4    | Entered Level 4 of the Orcish Mines
 33401 | Orc:4    | Noticed Erica
 33401 | Orc:4    | Noticed Josephine
 33404 | Orc:4    | Killed Josephine
 33429 | Orc:3    | Killed Erica
 33429 | Orc:3    | Received a gift from Sif Muna
 33442 | Orc:3    | Identified Roxanne's Collected Works on the Rocks (Sif Muna gifted it to you on level 3 of the Orcish Mines)
 33574 | Orc:3    | Learned a level 4 spell: Leda's Liquefaction
 35209 | Orc:2    | Found a roughly hewn altar of Beogh.
 36546 | Orc:3    | Noticed an orc warlord
 36571 | Orc:3    | Killed an orc warlord
 37030 | Orc:3    | Noticed an orc warlord
 37350 | Orc:3    | Killed an orc warlord
 37391 | Orc:3    | Paralysed by an orc sorcerer for 3 turns
 38190 | Orc:3    | Got a pair of distressingly furry boots
 38201 | Orc:3    | Identified the +2 pair of boots of the Shoals {rElec MP-9 Int+4} (You found it on level 3 of the Orcish Mines)
 38673 | Orc:4    | Reached XP level 15. HP: 90/90 MP: 5/40
 39099 | Orc:4    | Found Epsappaa's Magic Scroll Boutique.
 39105 | Orc:4    | Found Uciantus' Gadget Shoppe.
 39108 | Orc:4    | Bought a scroll of teleportation for 48 gold pieces
 39108 | Orc:4    | Bought a scroll of enchant armour for 120 gold pieces
 39453 | Orc:4    | Found Asugotast's General Store.
 39455 | Orc:4    | Found Schuizurph's Food Shop.
 39610 | Orc:4    | Found Cliruw's Magic Scroll Emporium.
 39617 | Orc:4    | Found a staircase to the Elven Halls.
 39620 | Orc:4    | Bought a scroll of acquirement for 780 gold pieces
 39621 | Orc:4    | Identified the Disquisition on Torrid Conjuration (You acquired it on level 4 of the Orcish Mines)
 39629 | Orc:4    | Learned a level 5 spell: Fireball
 39909 | Orc:4    | Bought a potion of haste for 150 gold pieces
 39909 | Orc:4    | Bought a scroll of blinking for 112 gold pieces
 39909 | Orc:4    | Bought a potion of heal wounds for 75 gold pieces
 40182 | Orc:4    | Found a roughly hewn altar of Beogh.
 40677 | Orc:4    | Bought a scroll of teleportation for 45 gold pieces
 40677 | Orc:4    | Bought a scroll of teleportation for 45 gold pieces
 40703 | Orc:4    | Bought a scroll of teleportation for 48 gold pieces
 40708 | Orc:4    | Bought a phial of floods for 440 gold pieces
 40719 | Orc:4    | Bought a scroll of recharging for 142 gold pieces
 40935 | Lair:2   | Learned a level 6 spell: Iron Shot
 41146 | Elf:1    | Entered Level 1 of the Elven Halls
 41892 | Elf:1    | Found Kapuptit's Assorted Antiques.
 42587 | Elf:1    | Received a gift from Sif Muna
 42588 | Elf:1    | Identified Run Luubb's Tome of Battle Magic and Poison (Sif Muna gifted it to you on level 1 of the Elven Halls)
 42876 | Elf:1    | Bought a shimmering iron amulet for 185 gold pieces
 42876 | Elf:1    | Identified the amulet "Bourenn" {Spirit rN+ Int-4 Dex+7 Slay+2} (You bought it in a shop on level 1 of the Elven Halls)
 43403 | Elf:2    | Found a runed gate.
 43403 | Elf:2    | Found a runed gate.
 43403 | Elf:2    | Found a runed gate.
 43811 | Elf:2    | Reached skill level 10 in Fire Magic
 44038 | Elf:2    | Reached skill level 10 in Conjurations
 44622 | Elf:2    | Reached skill level 10 in Invocations
 44770 | Elf:2    | Reached skill level 10 in Earth Magic
 44905 | Elf:2    | Reached skill level 17 in Spellcasting
 44922 | Elf:2    | Reached XP level 16. HP: 96/96 MP: 2/41
 45730 | Elf:2    | Reached skill level 10 in Charms
 46140 | Lair:2   | Learned a level 3 spell: Spider Form
 46233 | Swamp:1  | Entered Level 1 of the Swamp
 46862 | Swamp:1  | Received a gift from Sif Muna
 46871 | Swamp:1  | Reached skill level 1 in Transmutations
 46872 | Swamp:1  | Identified Sif Muna's Handbook of Might (Sif Muna gifted it to you on level 1 of the Swamp)
 48557 | Spider:1 | Entered Level 1 of the Spider Nest
 48562 | Spider:1 | Noticed Nikola
 48637 | Spider:1 | Killed Nikola
 49206 | Spider:2 | Got a flickering granite ring
 49207 | Spider:2 | Identified the ring "Schahop" {-Tele rElec rPois rC+ Str+2 Stlth+} (You found it on level 2 of the Spider Nest)
 51129 | Spider:1 | Noticed Sonja
 51133 | Spider:1 | Killed Sonja
 51637 | Spider:1 | Received a gift from Sif Muna
 51638 | Spider:1 | Identified Netzeg's Almanac of Aid (Sif Muna gifted it to you on level 1 of the Spider Nest)
 52273 | Lair:2   | Learned a level 6 spell: Haste
 52943 | Swamp:3  | HP: 3/97 [six-headed hydra (3)]
 52943 | Swamp:3  | Mangled by a six-headed hydra

Action                   |  1- 3 |  4- 6 |  7- 9 | 10-12 | 13-15 | 16-18 || total
-------------------------+-------+-------+-------+-------+-------+-------++-------
Melee: Unarmed           |     3 |       |       |       |       |       ||     3
       Club              |     3 |       |       |       |       |       ||     3
       Dagger            |    11 |    12 |    63 |   410 |   125 |       ||   621
       Staff             |       |       |       |       |     1 |       ||     1
 Cast: Magic Dart        |   112 |    90 |   224 |   279 |   413 |    17 ||  1135
       Call Imp          |     2 |     4 |     3 |       |       |       ||     9
       Mephitic Cloud    |     4 |    11 |    25 |    70 |    18 |     1 ||   129
       Blink             |     1 |     2 |     6 |    26 |    13 |     8 ||    56
       Repel Missiles    |     1 |       |     1 |     2 |       |       ||     4
       Conjure Flame     |       |     4 |    30 |   112 |    92 |       ||   238
       Iskenderun's Myst |       |       |     3 |   186 |   121 |       ||   310
       Bolt of Magma     |       |       |       |     4 |   106 |       ||   110
       Airstrike         |       |       |       |     3 |    82 |    38 ||   123
       Deflect Missiles  |       |       |       |       |     7 |     1 ||     8
       Force Lance       |       |       |       |       |    90 |    42 ||   132
       Bolt of Fire      |       |       |       |       |   143 |    84 ||   227
       Iskenderun's Batt |       |       |       |       |    89 |    17 ||   106
       Fireball          |       |       |       |       |    34 |   112 ||   146
Invok: Channel Energy    |       |       |       |    53 |    84 |    31 ||   168
       Forget Spell      |       |       |       |       |     5 |     2 ||     7
 Abil: Evoke Invisibilit |       |       |       |       |       |     1 ||     1
Evoke: Wand              |       |       |     5 |    23 |     4 |       ||    32
  Use: Scroll            |     3 |     6 |     1 |    18 |    17 |     7 ||    52
       Potion            |       |       |       |     2 |     2 |       ||     4
 Stab: Confused          |       |     2 |     5 |     7 |     4 |       ||    18
       Sleeping          |       |       |     1 |     2 |       |       ||     3
  Eat: Chunk             |     3 |     7 |    12 |    45 |    79 |    11 ||   157
       Fruit             |       |     2 |       |     5 |     3 |     1 ||    11
       Beef jerky        |       |       |       |       |     6 |       ||     6
       Pizza             |       |       |       |       |     2 |     9 ||    11
       Royal jelly       |       |       |       |       |       |     2 ||     2
